 Dungeon Crawl Stone Soup version 0.27.1-34-g3ba077fa99 (webtiles) character file.

Game seed: 6628192419323776011

944 ticklebelly the Chopper (level 7, -3/64 HPs)
             Began as a Minotaur Berserker on Jan 1, 2022.
             Was a Priest of Trog.
             Shot with an arrow by a centaur (8 damage)
             ... on level 7 of the Dungeon.
             The game lasted 00:22:56 (3765 turns).

ticklebelly the Chopper (Minotaur Berserker)        Turns: 3765, Time: 00:22:56

Health: -3/64      AC:  8    Str: 28    XL:     7   Next: 88%
Magic:  6/6        EV: 12    Int:  4    God:    Trog [***...]
Gold:   374        SH:  0    Dex: 11    Spells: 6/6 levels left

rFire    . . .     SeeInvis .   g - +0 war axe
rCold    + . .     Faith    .   (no shield)
rNeg     . . .     Spirit   .   n - +2 ring mail {rC+}
rPois    .         Reflect  .   (helmet restricted)
rElec    .         Harm     .   (no cloak)
rCorr    .         Rampage  .   (no gloves)
Will     ++...                  (no boots)
Stlth    +.........             (no amulet)
HPRegen  1.20/turn              q - +6 ring of strength
MPRegen  0.10/turn              (no ring)

@: strong-willed (expiring), regenerating (expiring)
A: horns 2, retaliatory headbutt
a: Renounce Religion, Berserk, Trog's Hand


You were on level 7 of the Dungeon.
You worshipped Trog.
Trog was most pleased with you.
You visited 1 branch of the dungeon, and saw 6 of its levels.

You collected 374 gold pieces.

Inventory:

Hand Weapons
 a - a +0 hand axe
 g - a +0 war axe (weapon)
Armour
 f - a +0 ring mail
 n - a +2 ring mail of cold resistance (worn)
 u - the +1 ring mail "Cyhokhli" {rPois}
   (You found it on level 4 of the Dungeon)

   rPois:     It protects you from poison.
Jewellery
 q - a +6 ring of strength (left hand)
Scrolls
 c - a scroll of vulnerability {unknown}
 d - a scroll of fear {unknown}
 i - 2 scrolls of teleportation
 k - a scroll of identify
 l - a scroll of magic mapping
Potions
 b - a potion of mutation {unknown}
 e - 3 potions of invisibility {unknown}
 h - 2 potions of might
 j - a potion of cancellation {unknown}
 m - 2 potions of lignification {unknown}
 o - a potion of curing {unknown}
 p - a potion of heal wounds {unknown}
 r - a potion of magic {unknown}
 s - a potion of berserk rage {unknown}
 t - 2 potions of haste {unknown}
 v - 2 potions of ambrosia


   Skills:
 + Level 6.6 Fighting
 + Level 6.7 Axes
 + Level 5.6 Armour
 + Level 5.2 Dodging


You had 6 spell levels left.
You didn't know any spells.
Your spell library was empty.

Dungeon Overview and Level Annotations

Branches:
Dungeon (5/15)             Temple (0/1) D:5

Altars:
Hepliaklqana
Wu Jian
Beogh

Shops:
D:2 !   D:4 *[:[


Innate Abilities, Weirdness & Mutations

You have a pair of horns on your head.
You reflexively headbutt those who attack you in melee.


Message History

The arrow barely misses you.
The arrow hits the vampire mosquito.
As you read the scroll labelled ASYTSAS JY ZYRUTS, it crumbles to dust.
You feel aware of your surroundings.
You sensed 2 altars.
It was a scroll of magic mapping.
The vampire mosquito closely misses you.
The vampire mosquito bites you.
The vampire mosquito draws strength from your injuries!
As you read the scroll labelled ZAAZXA JI SIKO, it crumbles to dust.
You feel strangely unstable.
It was a scroll of teleportation.
The vampire mosquito barely misses you. You furiously retaliate!
You headbutt the vampire mosquito! The vampire mosquito bites you!
* * * LOW HITPOINT WARNING * * *
The vampire mosquito draws strength from your injuries!
The centaur shoots an arrow.
The arrow barely misses you.
The arrow hits the vampire mosquito!
Your skin crawls.
You feel strong-willed. The vampire mosquito bites you.
* * * LOW HITPOINT WARNING * * *
The vampire mosquito draws strength from your injuries!
The centaur shoots an arrow.
The arrow closely misses you.
The arrow hits the vampire mosquito!
The vampire mosquito is destroyed!
You feel the effects of Trog's Hand fading.
The centaur unwields a +0 shortbow.
The centaur hits you.
* * * LOW HITPOINT WARNING * * *
The centaur kicks you but does no damage.
The centaur closely misses you.
The centaur kicks you but does no damage.
The centaur hits you but does no damage.
The centaur kicks you.
* * * LOW HITPOINT WARNING * * *
The water moccasin misses you.
Your surroundings seem slightly different.
The centaur wields a +0 shortbow.
The centaur shoots an arrow.
The arrow hits you.
* * * LOW HITPOINT WARNING * * *
Found a hazy altar of Hepliaklqana.
The centaur shoots an arrow.
The arrow hits you!
You die...

,,,,,,,,≈,≈,,,≈,≈,,,*
,,,,,,,,≈.≈._.≈.≈...#
,,,,,,,,≈.≈...≈.....#
,,,,,,,,≈.≈≈≈≈≈.≈...#
,,,,,,,,≈.......≈...#
,,,,,...≈≈≈≈≈≈≈≈≈...#
,,,,,...............#
,,,,,...............#
,,,,,...........@...#
,,,,,........)......#
,,,,,...............#
,,,,,...............#
,,,,,.......§.cS....#
*****#########O#######
##########
#$###...###.....O..#
#T##...=.##...#.....
#n#.......#...##....


You could see a two-headed ogre, a troll, a water moccasin and a centaur.

Vanquished Creatures
  Sigmund (D:3)
  Eustachio (D:4)
  The ghost of Fek the Skirmisher, an amateur PaBe of Trog (D:3)
  Blork the orc (D:4)
  An orc priest (D:3)
  2 iguanas
  Terence (D:3)
  Natasha (thrice) (D:4)
  2 orc wizards (D:3)
  Robin (D:3)
  3 adders (D:3)
  5 worms
  2 dart slugs
  10 orcs
  7 endoplasms
  2 giant cockroaches
  13 goblins
  10 hobgoblins
  7 jackals
  A quokka (D:1)
  5 ball pythons
  6 bats
  7 frilled lizards
  10 kobolds
  4 rats
106 creatures vanquished.

Vanquished Creatures (others)
  A vampire mosquito (D:7)
1 creature vanquished.

Grand Total: 107 creatures vanquished

Notes
Turn   | Place    | Note
-------+----------+-------------------------------------------
     0 | D:1      | ticklebelly the Minotaur Berserker began the quest for the
                  | Orb.
     0 | D:1      | Reached XP level 1. HP: 19/19 MP: 0/0
   121 | D:1      | Reached XP level 2. HP: 27/27 MP: 1/1
   639 | D:2      | Reached ** piety under Trog
   640 | D:2      | Reached XP level 3. HP: 34/34 MP: 2/2
   893 | D:2      | Found Moiloelo's Distillery.
  1009 | D:2      | Found a faded altar of an unknown god.
  1744 | D:3      | Noticed Terence
  1752 | D:3      | Killed Terence
  1753 | D:3      | Reached XP level 4. HP: 41/41 MP: 3/3
  1866 | D:3      | Reached XP level 5. HP: 47/47 MP: 4/4
  1869 | D:3      | Reached skill level 5 in Fighting
  1869 | D:3      | Reached skill level 5 in Axes
  2113 | D:3      | Noticed Sigmund
  2127 | D:3      | Killed Sigmund
  2128 | D:3      | Reached XP level 6. HP: 32/56 MP: 5/5
  2333 | D:3      | Reached *** piety under Trog
  2492 | D:3      | Found a runed translucent door.
  2497 | D:3      | Noticed Fek's ghost (amateur PaBe)
  2506 | D:3      | Killed Fek's ghost
  2509 | D:3      | Reached XP level 7. HP: 62/62 MP: 6/6
  2512 | D:3      | Found a runed translucent door.
  2708 | D:3      | Noticed Robin
  2721 | D:3      | Killed Robin
  2930 | D:4      | Noticed Natasha
  2940 | D:4      | Killed Natasha
  3033 | D:4      | Found an ornate altar of the Wu Jian Council.
  3084 | D:4      | Noticed Natasha
  3092 | D:4      | Killed Natasha
  3093 | D:4      | Reached skill level 5 in Armour
  3096 | D:4      | Noticed Natasha
  3105 | D:4      | Killed Natasha
  3162 | D:4      | Noticed Blork the orc
  3169 | D:4      | Killed Blork the orc
  3238 | D:4      | Found Nuedoehe's Book Boutique.
  3239 | D:4      | Found Rugen's Antique Armour Boutique.
  3242 | D:4      | Found Yberramm's General Store.
  3243 | D:4      | Found Duf Zuo's Antique Armour Boutique.
  3254 | D:4      | Noticed Eustachio
  3267 | D:4      | Killed Eustachio
  3268 | D:4      | Reached skill level 5 in Dodging
  3469 | D:4      | Identified the +1 ring mail "Cyhokhli" {rPois}
  3558 | D:5      | Entered Level 5 of the Dungeon
  3690 | D:5      | Found a staircase to the Ecumenical Temple.
  3701 | D:5      | You fall into a shaft and drop 2 floors!
  3728 | D:7      | Noticed a two-headed ogre
  3737 | D:7      | Noticed a troll
  3741 | D:7      | Noticed a vampire mosquito
  3761 | D:7      | Killed a vampire mosquito
  3765 | D:7      | Found a hazy altar of Hepliaklqana.
  3765 | D:7      | Shot with an arrow by a centaur

Illustrated notes

Levels and vault maps discovered:
D:1:      wander_arrival_chamber, layout_basic, serial_curves, eino_curves_02,
          eino_curves_03
D:2:      layout_loops_corners, serial_shops, nicolae_shop_behind_doors,
          hellmonk_ecumenical_altar_heavens_door, guppyfry_early_orc_mine
D:3:      layout_loops_ring, ebering_ghost_sewer_f, kennysheep_orc_chapel,
          uniq_robin, uniq_sigmund, uniq_terence
D:4:      layout_cave_pools, lemuel_doored_altar, serial_bayou_ford_a,
          minmay_shop_grid_forest, uniq_eustachio, uniq_natasha,
          uniq_blork_the_orc
D:5:      layout_cave_pools, lemuel_round_altar, minmay_temple_entry_wispy
D:7:      minmay_opposing_rooms, layout_basic,
          mainiacjoe_overflow_concentric_impassable,
          mainiacjoe_overflow_alcove_4

Skill      XL: |  1  2  3  4  5  6  7 |
---------------+----------------------+-----
Fighting       | 4 5 6 |  6.6
Axes           | 4 5 6 |  6.7
Armour         | 3 4 5 |  5.6
Dodging        | 3 4 5 |  5.2

Action                   |  1- 3 |  4- 6 |  7- 9 || total
-------------------------+-------+-------+-------++-------
Melee: Hand axe          |     9 |       |       ||     9
       War axe           |    81 |    68 |    62 ||   211
       Headbutt          |    13 |     6 |     8 ||    27
Invok: Berserk           |     1 |     2 |     1 ||     4
       Trog's Hand       |       |     1 |     2 ||     3
  Use: Scroll            |       |       |     3 ||     3
Armor: Animal skin       |     5 |       |       ||     5
       Ring mail         |    22 |    23 |    25 ||    70
       Scale mail        |    11 |       |       ||    11
Dodge: Dodged            |    54 |    36 |    54 ||   144
